 Dungeon Crawl Stone Soup version 0.31-a0-640-g39d97e502b (webtiles) character file.

Game seed: 12758103311733470377

5952 qw the Skirmisher (level 10, -2/64 HPs)
             Began as a Gargoyle Hunter on Aug 27, 2023.
             Was an Elder of Okawaru.
             Slain by a six-headed hydra (3 damage)
             ... on level 1 of the Lair of Beasts.
             The game lasted 00:03:15 (6984 turns).

qw the Skirmisher (Gargoyle Hunter)                 Turns: 6984, Time: 00:03:15

Health: -2/64      AC: 14    Str: 15    XL:     10   Next: 84%
Magic:  14/14      EV: 17    Int: 10    God:    Okawaru [****..]
Gold:   327        SH:  0    Dex: 17    Spells: 9/9 levels left

rFire   . . .        a - +1 orcbow
rCold   . . .        (shield currently unavailable)
rNeg    + . .        m - +0 troll leather armour
rPois   inf          n - +0 helmet
rElec   +            (no cloak)
rCorr   .            (no gloves)
SInv    .            k - +1 pair of boots
Will    .....        i - amulet of the acrobat
Stlth   +++          (no ring)
HPRegen 1.10/turn    (no ring)
MPRegen 0.14/turn

%: acrobat
@: about to teleport, heroic
A: sickness immunity, AC +7, negative energy resistance 1, electricity
resistance, torment resistance 1, petrification resistance, mutation resistance
1, sense surroundings 1, MP-powered wands
a: Renounce Religion, Heroism, Finesse


You were on level 1 of the Lair of Beasts.
You worshipped Okawaru.
Okawaru was greatly pleased with you.
You visited 3 branches of the dungeon, and saw 10 of its levels.

You collected 495 gold pieces.
You spent 168 gold pieces at shops.


Innate Abilities, Weirdness & Mutations

You are immune to sickness and miasma.
Your stone body is resilient. (AC +7)
You are immune to poison.
You resist negative energy. (rN+)
You are resistant to electric shocks. (rElec)
You are resistant to unholy torment.
You are immune to petrification.
You are somewhat resistant to further mutation.
You passively map a small area around you.
You expend magic power (3 MP) to strengthen your wands.


   Skills:
 - Level 8.2(13.2) Fighting
 + Level 12.2(17.2) Ranged Weapons
 - Level 2.6(7.6) Armour
 - Level 4.6(9.6) Dodging
 - Level 1.1(6.1) Stealth
 + Level 6.4 Invocations


You had 9 spell levels left.
You didn't know any spells.
Your spell library was empty.

Inventory:

Hand Weapons
 a - a +1 orcbow (weapon)
Armour
 k - a +1 pair of boots (worn)
 l - a +0 robe of fire resistance
 m - a +0 troll leather armour (worn)
 n - a +0 helmet (worn)
Jewellery
 h - a ring of ice
 i - an amulet of the acrobat (around neck)
Wands
 g - a wand of digging (7)
Scrolls
 e - a scroll of identify
 o - 2 scrolls of teleportation
Potions
 b - a potion of cancellation
 c - 2 potions of mutation
 d - 9 potions of curing
 f - a potion of enlightenment {unknown}
 j - a potion of might {unknown}

Dungeon Overview and Level Annotations

Branches:
Dungeon (8/15)             Temple (1/1) D:5            Lair (1/5) D:8

Altars:
Ashenzari
Cheibriados
Dithmenos
Elyvilon
Fedhas
Gozag
Hepliaklqana
Kikubaaqudgha
Nemelex Xobeh
Okawaru
Qazlal
Ru
Sif Muna
Trog
Uskayaw
Vehumet
Xom
The Shining One

Shops:
D:3 (   D:4 *

Annotations:
D:4 1 runed translucent door, qw's ghost, amateur GrHs


Message History

Enter note:
6976 ||| Stepping ~*~*~tactically~*~*~ (retreating).
The wyvern attacks as it pursues you! The wyvern completely misses you.
A basilisk comes into view.
The wyvern completely misses you.
Enter note:
6977 ||| Stepping ~*~*~tactically~*~*~ (retreating).
A blink frog comes into view.
The water moccasin attacks as it pursues you!
The water moccasin barely misses you. The wyvern attacks as it pursues you!
The wyvern completely misses you.
The blink frog blinks!
Enter note:
Enter note:
6978 ||| Stepping ~*~*~tactically~*~*~ (retreating).
The blink frog blinks!
The wyvern bites you!
Enter note:
6979 ||| Stepping ~*~*~tactically~*~*~ (retreating).
The wyvern attacks as it pursues you! The wyvern completely misses you.
You shoot an arrow. The arrow barely misses the blink frog.
The wyvern bites you! The blink frog closely misses you.
You shoot an arrow. The arrow hits the blink frog!
The blink frog is moderately wounded.
The wyvern bites you! The water moccasin misses you.
6982 ||| READING 3 scrolls of teleportation.
As you read the scroll of teleportation, it crumbles to dust.
You feel strangely unstable. The wyvern bites you!
The water moccasin misses you.
The wyvern bites you but does no damage.
You shoot an arrow. The arrow hits the six-headed hydra.
The six-headed hydra is moderately wounded.
The water moccasin bites you. The six-headed hydra barely misses you.
The six-headed hydra misses you.
The six-headed hydra closely misses you.
The six-headed hydra bites you but does no damage. x2
The six-headed hydra bites you. The wyvern closely misses you.
You shoot an arrow. The arrow hits the six-headed hydra!
The six-headed hydra is moderately wounded.
The water moccasin bites you but does no damage.
The wyvern barely misses you. The six-headed hydra bites you.
You die...

, , * , , , * , #......
* , ,#.......* , , , ,
.#......# , ...# ,
........# *....## ,
###...l..##+####.....##
* *
.........##.##@#.......,
,
.........F...lSD.......
,
.....~.~......F........
,
.....~~~~~~............
...~~~~~~~~~...........
, ,
...~~~~~~~~~........## ,
..~~~~~.~~~~........# +
, #~~~~~~<.~~~~P##....+
...~~~~.~~~~...#...$.#


You could see a six-headed hydra, 2 blink frogs, a water moccasin and a wyvern.

Vanquished Creatures
  A two-headed ogre (D:6)
  A deep troll (D:7)
  A troll (D:8)
  A hornet (D:7)
  2 wyverns (D:8)
  5 yaks (D:8)
  2 basilisks (D:8)
  2 steam dragons
  4 water moccasins (D:8)
  3 ice beasts
  A black bear (D:4)
  2 ogres
  3 centaurs
  2 kobold brigands
  A scorpion (D:6)
  4 bullfrogs
  2 gnoll sergeants
  5 wights (D:6)
  4 howler monkeys
  3 hounds
  4 orc priests
  4 iguanas
  4 orc wizards
  A sleepcap (D:6)
  5 gnolls (D:6)
  8 adders
  2 shadow imps (D:5)
  7 worms
  6 dart slugs
  22 orcs
  A ball python (D:4)
  7 endoplasms
  6 giant cockroaches
  5 goblins
  8 hobgoblins
  4 jackals
  16 kobolds
  7 quokkas
  5 bats
  5 frilled lizards
  8 rats
184 creatures vanquished.

Notes
Turn   | Place    | Note
-------+----------+-------------------------------------------
     0 | D:1      | qw the Gargoyle Hunter began the quest for the Orb.
     0 | D:1      | Reached XP level 1. HP: 12/12 MP: 1/1
     0 | D:1      | 0 ||| qw: Version: 0.3-a-74-g0d5e918
     0 | D:1      | 0 ||| qw: Game counter: 144
     0 | D:1      | 0 ||| qw: Melee chars always use a shield: true
     0 | D:1      | 0 ||| qw: God list: Okawaru
     0 | D:1      | 0 ||| qw: Allow faded altars: false
     0 | D:1      | 0 ||| qw: Do Orc after clearing Dungeon:15 true
     0 | D:1      | 0 ||| qw: Do second Lair branch before Depths: true
     0 | D:1      | 0 ||| qw: Lair rune preference: random
     0 | D:1      | 0 ||| qw: Goals: Normal
     0 | D:1      | 0 ||| PLANNING D:1-11
   257 | D:1      | Found a faded altar of an unknown god.
   404 | D:1      | Reached XP level 2. HP: 17/17 MP: 2/2
   411 | D:1      | 411 ||| Stepping ~*~*~tactically~*~*~ (water).
   555 | D:1      | 555 ||| UPGRADING to +1 pair of boots.
   728 | D:1      | 728 ||| DROPPING ring of flight.
   729 | D:1      | 729 ||| READING scroll labelled FOYRYT VIAFIF.
   730 | D:1      | 730 ||| READING scroll labelled QUOLIM CIHODIV.
   735 | D:1      | 735 ||| READING scroll labelled YNIAWA YNONAO.
   736 | D:1      | 736 ||| READING scroll labelled TAIJER CUINOPP.
   737 | D:1      | 737 ||| READING scroll labelled OTWEFU FIFYAN.
   738 | D:1      | 738 ||| DRINKING 2 yellow potions.
   739 | D:1      | 739 ||| DRINKING 2 metallic puce potions.
   740 | D:1      | 740 ||| DROPPING scroll of butterflies.
   741 | D:1      | 741 ||| DROPPING potion of degeneration.
   757 | D:2      | 757 ||| STAIRDANCE
   782 | D:2      | Reached XP level 3. HP: 15/21 MP: 3/3
   782 | D:2      | 782 ||| FLEEEEING.
   783 | D:2      | 783 ||| FLEEEEING.
   784 | D:2      | 784 ||| FLEEEEING.
   785 | D:2      | 785 ||| FLEEEEING.
   786 | D:2      | 786 ||| FLEEEEING.
   787 | D:2      | 787 ||| STAIRDANCE
   814 | D:2      | Reached skill level 5 in Ranged Weapons
   837 | D:2      | 837 ||| Stepping ~*~*~tactically~*~*~ (outnumbered).
   839 | D:2      | 839 ||| Stepping ~*~*~tactically~*~*~ (outnumbered).
   842 | D:2      | 842 ||| Stepping ~*~*~tactically~*~*~ (outnumbered).
   877 | D:2      | Reached skill level 3 in Fighting
   896 | D:2      | Reached XP level 4. HP: 28/28 MP: 4/4
  1096 | D:2      | 1096 ||| FLEEEEING.
  1097 | D:2      | 1097 ||| FLEEEEING.
  1098 | D:2      | 1098 ||| FLEEEEING.
  1268 | D:2      | 1268 ||| DRINKING 4 amethyst potions.
  1695 | D:3      | Found Sinuiwaosm's Weapon Boutique.
  1700 | D:3      | 1700 ||| SHOPLISTING +2 arbalest of electrocution (232
                  | gold, have 174).
  1700 | D:3      | 1700 ||| SHOPLISTING +4 sling of the Dancing Butterfly
                  | {drain, rElec rC+} (437 gold, have 174).
  1803 | D:3      | Reached skill level 6 in Ranged Weapons
  1803 | D:3      | Reached XP level 5. HP: 20/32 MP: 5/5
  1849 | D:3      | Found a bloodstained altar of Trog.
  1933 | D:3      | 1933 ||| READING scroll labelled LUTEZU WAXYTA.
  1934 | D:3      | 1934 ||| READING 2 scrolls of identify.
  1934 | D:3      | 1934 ||| IDENTIFYING ruby potion
  1935 | D:3      | 1935 ||| DROPPING potion of berserk rage.
  2043 | D:4      | Found Jofyehi's Assorted Antiques.
  2052 | D:4      | 2052 ||| BUYING potion of curing (72 gold).
  2052 | D:4      | Bought a potion of curing for 72 gold pieces
  2052 | D:4      | 2052 ||| BUYING ring mail (96 gold).
  2052 | D:4      | Bought a ring mail for 96 gold pieces
  2052 | D:4      | 2052 ||| SHOPLISTING scroll labelled HETEOSU WUHU (24 gold,
                  | have 21).
  2052 | D:4      | 2052 ||| SHOPLISTING scroll of identify (48 gold, have 21).
  2147 | D:4      | Found a runed translucent door.
  2147 | D:4      | Noticed qw's ghost (amateur GrHs)
  2163 | D:4      | Reached skill level 1 in Armour
  2534 | D:4      | Noticed a black bear
  2542 | D:4      | Killed a black bear
  2543 | D:4      | Reached XP level 6. HP: 29/40 MP: 6/6
  2965 | D:4      | 2965 ||| UPGRADING to +0 ring mail.
  2975 | D:4      | 2975 ||| DROPPING +0 leather armour.
  2976 | D:4      | 2976 ||| READING 2 scrolls labelled CIUROI PIOMOTS.
  2977 | D:4      | 2977 ||| READING scroll labelled FESHUTT WOSS.
  2978 | D:4      | 2978 ||| READING 3 scrolls of identify.
  2978 | D:4      | 2978 ||| IDENTIFYING silvery potion
  2979 | D:4      | 2979 ||| READING 2 scrolls of identify.
  2979 | D:4      | 2979 ||| IDENTIFYING coppery potion
  2980 | D:4      | 2980 ||| DROPPING potion of ambrosia.
  2981 | D:4      | 2981 ||| DROPPING potion of brilliance.
  2982 | D:4      | 2982 ||| DROPPING scroll of vulnerability.
  2996 | D:5      | Entered Level 5 of the Dungeon
  3121 | D:5      | Found a hide-covered altar of Uskayaw.
  3132 | D:5      | Noticed a +0 hand axe
  3135 | D:5      | Noticed a +0 hand axe
  3141 | D:5      | Reached skill level 7 in Ranged Weapons
  3141 | D:5      | Reached XP level 7. HP: 39/44 MP: 7/7
  3548 | D:5      | Reached skill level 8 in Ranged Weapons
  3615 | D:5      | Found a staircase to the Ecumenical Temple.
  3616 | D:5      | 3616 ||| PLANNING TEMPLE
  3616 | D:5      | 3616 ||| READING scroll labelled XONIMA QANOL.
  3625 | Temple   | Entered the Ecumenical Temple
  3626 | Temple   | 3626 ||| PLANNING OKAWARU WORSHIP
  3643 | Temple   | Became a worshipper of Warmaster Okawaru
  3644 | Temple   | 3644 ||| PLANNING D:1-11
  3810 | D:6      | Found a broken altar of Ashenzari.
  3816 | D:6      | Reached XP level 8. HP: 49/49 MP: 8/8
  3820 | D:6      | Noticed a two-headed ogre
  3822 | D:6      | 3822 ||| RETREATING.
  3829 | D:6      | HP: 7/49 [two-headed ogre/+0 giant club (23)]
  3830 | D:6      | 3830 ||| READING 2 scrolls of teleportation.
  3831 | D:6      | 3831 ||| DRINKING 2 potions of heal wounds.
  3930 | D:6      | Found a snail-covered altar of Cheibriados.
  4001 | D:6      | Reached skill level 9 in Ranged Weapons
  4064 | D:6      | Reached * piety under Okawaru
  4147 | D:6      | Reached skill level 6 in Fighting
  4147 | D:6      | Reached skill level 1 in Invocations
  4150 | D:6      | 4150 ||| FLEEEEING.
  4151 | D:6      | 4151 ||| FLEEEEING.
  4152 | D:6      | 4152 ||| FLEEEEING.
  4153 | D:6      | 4153 ||| STAIRDANCE
  4286 | D:6      | 4286 ||| INVOKING Heroism.
  4293 | D:6      | Killed a two-headed ogre
  4293 | D:6      | Reached ** piety under Okawaru
  4294 | D:6      | Reached skill level 10 in Ranged Weapons
  4294 | D:6      | Reached XP level 9. HP: 34/55 MP: 7/12
  4313 | D:6      | 4313 ||| FLEEEEING.
  4314 | D:6      | 4314 ||| FLEEEEING.
  4316 | D:6      | 4316 ||| FLEEEEING.
  4317 | D:6      | 4317 ||| FLEEEEING.
  4318 | D:6      | 4318 ||| FLEEEEING.
  4319 | D:6      | 4319 ||| FLEEEEING.
  4320 | D:6      | 4320 ||| FLEEEEING.
  4321 | D:6      | 4321 ||| FLEEEEING.
  4322 | D:6      | 4322 ||| FLEEEEING.
  4323 | D:6      | 4323 ||| FLEEEEING.
  4327 | D:6      | 4327 ||| INVOKING Heroism.
  4328 | D:6      | HP: 13/55 [ice beast (14)]
  4329 | D:6      | 4329 ||| READING scroll of teleportation.
  4330 | D:6      | 4330 ||| DRINKING potion of heal wounds.
  4658 | D:6      | 4658 ||| SWAPPING to +0 orcbow.
  4659 | D:6      | 4659 ||| DROPPING +1 heavy shortbow.
  4876 | D:6      | 4876 ||| FLEEEEING.
  4877 | D:6      | 4877 ||| FLEEEEING.
  4878 | D:6      | 4878 ||| FLEEEEING.
  4879 | D:6      | 4879 ||| FLEEEEING.
  5055 | D:6      | 5055 ||| DRINKING 2 fuming red potions.
  5055 | D:6      | Gained mutation: You expend magic power (3 MP) to
                  | strengthen your wands. [potion of mutation]
  5055 | D:6      | Gained mutation: You are somewhat resistant to further
                  | mutation. [potion of mutation]
  5055 | D:6      | Gained mutation: You passively map a small area around you.
                  | [potion of mutation]
  5093 | D:7      | 5093 ||| STAIRDANCE
  5116 | D:7      | 5116 ||| STAIRDANCE
  5242 | D:7      | 5242 ||| READING scroll of enchant weapon.
  5242 | D:7      | 5242 ||| ENCHANTING +0 orcbow.
  5274 | D:7      | 5274 ||| Stepping ~*~*~tactically~*~*~ (outnumbered).
  5276 | D:7      | 5276 ||| Stepping ~*~*~tactically~*~*~ (outnumbered).
  5277 | D:7      | 5277 ||| INVOKING Heroism.
  5308 | D:7      | 5308 ||| FLEEEEING.
  5309 | D:7      | 5309 ||| FLEEEEING.
  5311 | D:7      | 5311 ||| FLEEEEING.
  5312 | D:7      | 5312 ||| FLEEEEING.
  5317 | D:7      | 5317 ||| FLEEEEING.
  5318 | D:7      | 5318 ||| FLEEEEING.
  5321 | D:7      | 5321 ||| FLEEEEING.
  5322 | D:7      | 5322 ||| FLEEEEING.
  5323 | D:7      | 5323 ||| FLEEEEING.
  5324 | D:7      | 5324 ||| FLEEEEING.
  5325 | D:7      | 5325 ||| FLEEEEING.
  5326 | D:7      | 5326 ||| STAIRDANCE
  5351 | D:6      | 5351 ||| UPGRADING to amulet of the acrobat.
  5398 | D:7      | Noticed a hornet
  5406 | D:7      | 5406 ||| INVOKING Heroism.
  5408 | D:7      | Killed a hornet
  5413 | D:7      | Reached skill level 11 in Ranged Weapons
  5427 | D:7      | 5427 ||| Stepping ~*~*~tactically~*~*~ (cloud).
  5563 | D:7      | Noticed a deep troll
  5564 | D:7      | 5564 ||| INVOKING Heroism.
  5570 | D:7      | HP: 12/57 [deep troll (14)]
  5572 | D:7      | Killed a deep troll
  5572 | D:7      | Reached *** piety under Okawaru
  5573 | D:7      | Reached XP level 10. HP: 10/63 MP: 11/13
  5796 | D:7      | Found the necklace of Bloodlust {Fury *Rage Will++ Int-3
                  | Slay+6}
  5849 | D:7      | 5849 ||| UPGRADING to +2 ring mail of poison resistance.
  5859 | D:7      | 5859 ||| DROPPING +0 ring mail.
  5860 | D:7      | 5860 ||| UPGRADING to +0 troll leather armour.
  5870 | D:7      | 5870 ||| DROPPING +2 ring mail of poison resistance.
  5871 | D:7      | 5871 ||| READING 2 scrolls of identify.
  5871 | D:7      | 5871 ||| IDENTIFYING fizzy green potion
  5872 | D:7      | 5872 ||| DROPPING potion of lignification.
  5931 | D:8      | 5931 ||| INVOKING Heroism.
  6197 | D:8      | 6197 ||| INVOKING Heroism.
  6222 | D:8      | Reached **** piety under Okawaru
  6252 | D:8      | Found a staircase to the Lair.
  6291 | D:8      | 6291 ||| Stepping ~*~*~tactically~*~*~ (outnumbered).
  6403 | D:8      | 6403 ||| UPGRADING to +0 helmet.
  6408 | D:8      | 6408 ||| RETREATING.
  6411 | D:8      | 6411 ||| INVOKING Heroism.
  6422 | D:8      | Reached skill level 12 in Ranged Weapons
  6432 | D:8      | Reached skill level 6 in Invocations
  6474 | D:8      | Found a stormy altar of Qazlal.
  6914 | D:8      | 6914 ||| PLANNING LAIR
  6914 | D:8      | 6914 ||| READING 2 scrolls of identify.
  6914 | D:8      | 6914 ||| IDENTIFYING pink potion
  6955 | Lair:1   | Entered Level 1 of the Lair of Beasts
  6967 | Lair:1   | Noticed a six-headed hydra
  6968 | Lair:1   | 6968 ||| INVOKING Heroism.
  6974 | Lair:1   | 6974 ||| Stepping ~*~*~tactically~*~*~ (retreating).
  6975 | Lair:1   | 6975 ||| Stepping ~*~*~tactically~*~*~ (retreating).
  6976 | Lair:1   | 6976 ||| Stepping ~*~*~tactically~*~*~ (retreating).
  6977 | Lair:1   | 6977 ||| Stepping ~*~*~tactically~*~*~ (retreating).
  6978 | Lair:1   | 6978 ||| Stepping ~*~*~tactically~*~*~ (retreating).
  6979 | Lair:1   | 6979 ||| Stepping ~*~*~tactically~*~*~ (retreating).
  6981 | Lair:1   | HP: 16/64 [wyvern (10)]
  6982 | Lair:1   | 6982 ||| READING 3 scrolls of teleportation.
  6982 | Lair:1   | HP: 3/64 [wyvern (14)]
  6983 | Lair:1   | HP: 1/64 [six-headed hydra (1)]
  6984 | Lair:1   | Slain by a six-headed hydra

Levels and vault maps discovered:
D:1:      tarquinn_simple_flora_water_e, layout_loops_cross,
          shapermc_ecumenical_altar_hornbeckon, serial_bayou,
          serial_bayou_lagoon_a, serial_bayou_pond_b, serial_bayou_pond_b,
          serial_bayou_ford_a
D:2:      layout_rooms, minmay_vboxes
D:3:      layout_loops_cross, lemuel_round_altar, serial_shops, shop
D:4:      layout_loops_corners, serial_shops, shop,
          hellmonk_ghost_happy_afterlife
D:5:      layout_loops_ring, dancing_weapons_uskayaw,
          minmay_temple_entry_purple_smoke
D:6:      layout_loops_ring, mainiacjoe_overflow_catwalk,
          ashenzari_conservatory_becter, lexackson_kobold_supper
D:7:      layout_basic, hangedman_decor_clover_reticule,
          hellmonk_guarded_unrand_vitality_bloodlust
D:8:      layout_loops_cross, nicolae_qazlal_general_emergency,
          minmay_lair_entry_grove, serial_co_window_serial, co_window_paths_b,
          co_window_corner_a, co_window_paths_b, co_window_corner_a,
          co_window_of_opportunity_a, co_window_corner_a, co_window_cross_3,
          co_window_unsneaky_path_c, co_window_cross_3, co_window_paths_d,
          glass_columns_a, glass_columns_b, glass_columns_a, glass_columns_b,
          glass_columns_b
Temple:   nicolae_temple_god_jail
Lair:1:   layout_regular_city, basic_altar, infiniplex_staircase_pool_2

Skill      XL: |  1  2  3  4  5  6  7  8  9 10 |
---------------+-------------------------------+-----
Ranged Weapons | 5 6 7 8 10 11 12 | 12.2
Fighting       | 3 4 5 6 7 8 |  8.2
Armour         | 1 2 |  2.6
Dodging        | 2 4 |  4.6
Invocations    | 4 6 |  6.4
Stealth        | |  1.1

Action                     |  1- 3 |  4- 6 |  7- 9 | 10-12 || total
---------------------------+-------+-------+-------+-------++-------
   Fire: Shortbow          |    87 |   235 |   122 |       ||   444
         Orcbow            |       |       |   119 |   164 ||   283
 Invoke: Heroism           |       |       |     5 |     4 ||     9
    Use: Scroll            |     5 |     6 |     4 |     3 ||    18
         Potion            |     2 |     1 |     3 |       ||     6
 Armour: Leather armour    |    14 |    42 |       |       ||    56
         Ring mail         |       |     3 |    75 |       ||    78
         Troll leather arm |       |       |       |    35 ||    35
  Dodge: Dodged            |    25 |    43 |    91 |    72 ||   231

Table legend:
 A = Non-vault XP
 B = Vault XP
 C = Vault XP percentage of total XP
 D = Non-vault monster count
 E = Vault monster count
 F = Vault count percentage of total count
                 A         B        C        D         E       F
            +---------+---------+-------+---------+---------+-------
      Total |    5465 |    3039 |  35.7 |     151 |      33 |  17.9
            +---------+---------+-------+---------+---------+-------
        D:1 |      16 |      12 |  42.9 |      10 |       7 |  41.2
        D:2 |      82 |      10 |  10.9 |      23 |       4 |  14.8
        D:3 |      90 |       0 |   0.0 |      22 |       0 |   0.0
        D:4 |     228 |       0 |   0.0 |      21 |       0 |   0.0
        D:5 |     598 |       0 |   0.0 |      24 |       0 |   0.0
        D:6 |    2301 |     107 |   4.4 |      24 |       8 |  25.0
        D:7 |     808 |     743 |  47.9 |      12 |       1 |   7.7
        D:8 |    1342 |    2167 |  61.8 |      15 |      13 |  46.4
            +---------+---------+-------+---------+---------+-------
